 Dungeon Crawl Stone Soup version 0.31-a0-8-gd14b0f4ee2 (webtiles) character file.

Game seed: 5048235511412988091

1371 pokeman the Thaumaturge (level 8, -1/44 HPs)
             Began as a Deep Elf Hedge Wizard on May 6, 2023.
             Was a Follower of Vehumet.
             Slain by a wyvern zombie (14 damage)
             ... on level 6 of the Dungeon.
             The game lasted 00:12:15 (6868 turns).

pokeman the Thaumaturge (Deep Elf Hedge Wizard)     Turns: 6868, Time: 00:12:16

Health: -1/44      AC:  2    Str:  7    XL:     8   Next: 38%
Magic:  8/23       EV: 13    Int: 22    God:    Vehumet [*.....]
Gold:   200        SH:  0    Dex: 14    Spells: 8/26 levels left

rFire   . . .        s - +1 short sword (venom)
rCold   . . .        (no shield)
rNeg    . . .        b - +0 robe
rPois   .            c - +0 hat
rElec   .            (no cloak)
rCorr   .            (no gloves)
SInv    .            (no boots)
Will    .....        (no amulet)
Stlth   ++           (no ring)
HPRegen 0.27/turn    (no ring)
MPRegen 0.18/turn

%: no passive effects
@: on blink cooldown, very slightly contaminated
A: no striking features
a: Renounce Religion


You were on level 6 of the Dungeon.
You worshipped Vehumet.
Vehumet was aware of your devotion.
You visited 2 branches of the dungeon, and saw 7 of its levels.

You collected 200 gold pieces.

Inventory:

Hand Weapons
 s - a +1 short sword of venom (weapon)
Armour
 b - a +0 robe (worn)
 c - a +0 hat (worn)
 i - a +0 buckler
 D - a +1 ring mail of poison resistance
Magical Staves
 B - a staff of poison
Wands
 r - a wand of quicksilver (3)
 x - a wand of digging (8)
 A - a wand of flame (26)
 E - a wand of mindburst (8)
Scrolls
 e - 6 scrolls of identify {unknown}
 f - a scroll of acquirement {unknown}
 g - 2 scrolls of vulnerability {unknown}
 k - a scroll of teleportation {unknown}
 l - a scroll of poison {unknown}
 m - a scroll of summoning {unknown}
 n - a scroll of brand weapon {unknown}
 o - a scroll of magic mapping {unknown}
 p - a scroll of enchant weapon {unknown}
 q - a scroll of fear {unknown}
 v - a scroll of fog {unknown}
 y - a scroll of torment {unknown}
 C - 2 scrolls of blinking {unknown}
Potions
 a - 2 potions of curing {unknown}
 d - 3 potions of magic
 h - 2 potions of cancellation {unknown}
 j - 3 potions of heal wounds {unknown}
 t - a potion of flight {unknown}
 u - 2 potions of degeneration {unknown}
 w - 3 potions of lignification {unknown}
 z - a potion of attraction {unknown}


   Skills:
 - Level 2.0 Fighting
 - Level 2.0 Armour
 - Level 3.0 Dodging
 - Level 3.3 Stealth
 + Level 1.3 Shields
 * Level 9.6 Spellcasting
 + Level 5.0 Conjurations
 - Level 2.0 Summonings
 - Level 1.1 Translocations
 + Level 2.1 Fire Magic
 - Level 2.0 Air Magic
 - Level 1.0 Poison Magic
 - Level 1.2 Evocations


You had 8 spell levels left.
You knew the following spells:

 Your Spells              Type           Power      Damage    Failure   Level
a - Magic Dart            Conj           100%       1d8       1%          1
b - Mephitic Cloud        Conj/Pois/Air  22%        N/A       6%          3
c - Call Imp              Summ           38%        N/A       4%          2
d - Blink                 Tloc           30%        N/A       6%          2
e - Fireball              Conj/Fire      13%        3d7       36%         5
f - Iskenderun's Battles  Conj           32%        2d8       22%         5

Your spell library contained the following spells:

 Spells                   Type           Power      Damage    Failure   Level
 Freeze                   Ice            40%        1d6       6%          1
 Shock                    Conj/Air       100%       1d9       1%          1
 Slow                     Hex            40%        N/A       6%          1
 Cigotuvi's Dreadful Rot  Necr/Pois/Air  30%        N/A       6%          2
 Swiftness                Air            19%        N/A       9%          3
 Airstrike                Air            9%         2d(2-18)  26%         4
 Conjure Ball Lightning   Conj/Air       13%        3x3d6     92%         6
 Orb of Destruction       Conj           16%        9d7       100%        7


Dungeon Overview and Level Annotations

Branches:
Dungeon (6/15)             Temple (1/1) D:4

Altars:
Ashenzari
Cheibriados
Dithmenos
Elyvilon
Fedhas
Gozag
Hepliaklqana
Kikubaaqudgha
Nemelex Xobeh
Okawaru
Qazlal
Ru
Sif Muna
Trog
Uskayaw
Vehumet
Wu Jian
Xom
Yredelemnul
Zin
The Shining One

Shops:
D:2 [


Message History

Aim: a wyvern zombie (heavily damaged, 100% to hit)
The magic dart hits the wyvern zombie!
The wyvern zombie is severely damaged.
The wyvern zombie bites you!
* * * LOW HITPOINT WARNING * * *
Casting: Magic Dart (safe; 1% risk of failure)
Confirm with . or Enter, or press ? or * to list all spells.
Aiming: Magic Dart (safe; 1% risk of failure)
Press: ? - help, Shift-Dir - straight line, f/p - wyvern zombie
Aim: a wyvern zombie (severely damaged, 100% to hit)
The magic dart hits the wyvern zombie.
The wyvern zombie is almost destroyed.
The wyvern zombie closely misses you.
Unknown command.
Casting: Magic Dart (safe; 1% risk of failure)
Confirm with . or Enter, or press ? or * to list all spells.
You miscast Blink.
You are very lightly contaminated with residual magic.
Nothing appears to happen.
The wyvern zombie barely misses you. x2
Unknown command.
Casting: Blink (safe; 6% risk of failure)
Confirm with . or Enter, or press ? or * to list all spells.
You blink.
Unknown command.
Casting: Blink (safe; 6% risk of failure)
Confirm with . or Enter, or press ? or * to list all spells.
Aiming: Magic Dart (safe; 1% risk of failure)
Press: ? - help, Shift-Dir - straight line, f/p - wyvern zombie
Aim: a wyvern zombie (translocational energy, almost destroyed, 100% to hit)
The magic dart hits the wyvern zombie but does no damage.
The wyvern zombie is almost destroyed.
Casting: Magic Dart (safe; 1% risk of failure)
Confirm with . or Enter, or press ? or * to list all spells.
Aiming: Magic Dart (safe; 1% risk of failure)
Press: ? - help, Shift-Dir - straight line, f/p - wyvern zombie
Aim: a wyvern zombie (almost destroyed, 100% to hit)
The magic dart hits the wyvern zombie but does no damage.
The wyvern zombie is almost destroyed.
The wyvern zombie bites you!
You die...

#...####)# #
#...)....# #
#.....8.########
#####
#.....8>........
.....
#...............
#####
#...............
...
#...............
8....
#...####........
§§.Z.
#..8..@########.
§8...
#....Z8...#
P§...
##...88...#
..... ##.......#
##.#....#
#......####
######....##..
#..5........
#<†.........


You could see a wyvern zombie.

Vanquished Creatures
  A sky beast (D:6)
  A black bear (D:4)
  A centaur (D:5)
  2 ogres (D:5)
  A phantom (D:5)
  A scorpion (D:5)
  A water moccasin zombie (D:6)
  2 hounds (D:5)
  3 bullfrog zombies (D:6)
  5 jellies
  A bullfrog skeleton (D:6)
  2 sleepcaps
  2 orc wizards (D:5)
  2 killer bee zombies (D:6)
  3 gnolls (D:5)
  10 adders
  2 shadow imps (D:5)
  A white imp (D:5)
  An ufetubus (D:6)
  A worm (D:2)
  2 dart slugs
  20 orcs
  5 bats
  10 endoplasms
  2 giant cockroaches (D:3)
  8 goblins
  6 hobgoblins
  10 jackals
  4 kobolds
  3 quokkas
  5 ball pythons
  5 frilled lizards
  9 rats
132 creatures vanquished.

Vanquished Creatures (collateral kills)
  An orc (D:6)
1 creature vanquished.

Vanquished Creatures (others)
  6 withered plants (D:6)
6 creatures vanquished.

Grand Total: 139 creatures vanquished

Notes
Turn   | Place    | Note
-------+----------+-------------------------------------------
     0 | D:1      | pokeman the Deep Elf Hedge Wizard began the quest for the
                  | Orb.
     0 | D:1      | Reached XP level 1. HP: 10/10 MP: 7/7
   180 | D:1      | Found a faded altar of an unknown god.
   201 | D:1      | Reached XP level 2. HP: 15/15 MP: 6/9
   467 | D:1      | You fall into a shaft and drop 1 floor!
   789 | D:1      | Reached skill level 5 in Spellcasting
  1036 | D:2      | Reached XP level 3. HP: 20/20 MP: 5/11
  1040 | D:2      | Learned a level 3 spell: Mephitic Cloud
  1043 | D:2      | Learned a level 2 spell: Call Imp
  1046 | D:2      | Learned a level 2 spell: Blink
  1083 | D:2      | Found Feocred's Antique Armour Emporium.
  1259 | D:2      | Reached skill level 1 in Fighting
  1260 | D:2      | Upgraded the game from 0.31-a0-7-g51783674b7 to
                  | 0.31-a0-8-gd14b0f4ee2
  1429 | D:2      | Reached skill level 1 in Armour
  2058 | D:3      | Reached XP level 4. HP: 25/25 MP: 8/13
  3259 | D:4      | Reached skill level 1 in Shields
  3259 | D:4      | Reached skill level 6 in Spellcasting
  3259 | D:4      | Reached XP level 5. HP: 29/29 MP: 7/15
  3561 | D:4      | Found a staircase to the Ecumenical Temple.
  3600 | D:4      | Noticed a black bear
  3610 | D:4      | Killed a black bear
  3611 | D:4      | Reached skill level 1 in Evocations
  3611 | D:4      | Reached XP level 6. HP: 24/34 MP: 13/17
  3633 | Temple   | Entered the Ecumenical Temple
  3871 | Temple   | Became a worshipper of Vehumet
  4334 | D:5      | Entered Level 5 of the Dungeon
  4351 | D:5      | Reached skill level 7 in Spellcasting
  4483 | D:5      | Reached skill level 1 in Air Magic
  4598 | D:5      | Reached skill level 1 in Poison Magic
  4803 | D:5      | Reached XP level 7. HP: 8/38 MP: 3/20
  5364 | D:5      | Reached skill level 8 in Spellcasting
  5715 | D:5      | Learned a level 5 spell: Fireball
  5721 | D:5      | Learned a level 5 spell: Iskenderun's Battlesphere
  5756 | D:5      | Reached * piety under Vehumet
  5756 | D:5      | Offered knowledge of Freeze by Vehumet.
  6145 | D:6      | Reached XP level 8. HP: 33/44 MP: 18/22
  6319 | D:6      | Reached skill level 1 in Fire Magic
  6322 | D:6      | Reached skill level 9 in Spellcasting
  6680 | D:6      | Reached skill level 5 in Conjurations
  6868 | D:6      | Slain by a wyvern zombie

Illustrated notes

Levels and vault maps discovered:
D:1:      dpeg_arrival_rooms_b, layout_loops_ring,
          hellmonk_ecumenical_altar_lost_god
D:2:      layout_basic, serial_shops, nicolae_shop_tiny_waterfront
D:3:      layout_basic
D:4:      layout_loops_ring, minmay_temple_entry_trees
D:5:      layout_loops_corners
D:6:      layout_basic, serial_undead, serial_undead_c, serial_undead_a,
          serial_undead_e, serial_undead_b, serial_undead_f, serial_undead_f,
          serial_undead_c
Temple:   roderic_octagonal_lattice_temple

Skill      XL: |  1  2  3  4  5  6  7  8 |
---------------+-------------------------+-----
Spellcasting   | 5 6 7 8 9 |  9.6
Fighting       | 1 2 |  2.0
Armour         | 1 2 |  2.0
Conjurations   | 2 3 4 5 |  5.0
Dodging        | 3 |  3.0
Shields        | 1 |  1.3
Stealth        | 3 |  3.3
Evocations     | 1 |  1.2
Air Magic      | 1 2 |  2.0
Poison Magic   | 1 |  1.0
Summonings     | 2 |  2.0
Fire Magic     | 2 |  2.1
Translocations | |  1.1

Action                     |  1- 3 |  4- 6 |  7- 9 || total
---------------------------+-------+-------+-------++-------
  Melee: Dagger            |    22 |       |       ||    22
         Punch             |     1 |     1 |       ||     2
         Short sword       |       |    61 |    28 ||    89
   Cast: Magic Dart        |   105 |   131 |   154 ||   390
         Call Imp          |     2 |     1 |     3 ||     6
         Mephitic Cloud    |       |     6 |     4 ||    10
         Blink             |       |     1 |     1 ||     2
   Stab: Sleeping          |     1 |     1 |       ||     2
         Distracted        |     1 |       |       ||     1
         Confused          |       |     4 |     2 ||     6
 Armour: Robe              |    12 |    10 |     9 ||    31
  Dodge: Dodged            |    23 |    41 |    50 ||   114

Table legend: (Time is in decaauts)
 A = Elapsed time spent in this place.
 B = Non-inter-level travel time spent in this place.
 C = Inter-level travel time spent in this place.
 D = Time resting spent in this place.
 E = Time spent auto-exploring this place.
 F = Levels seen in this place.
 G = Mean time per level.
                   A        B        C        D        E       F      G
               +--------+--------+--------+--------+--------+-----+--------+
         Total |   6866 |   6615 |    251 |    196 |   5353 |   7 |  980.9 |
       Dungeon |   6609 |   6375 |    234 |    196 |   5140 |   6 | 1101.5 |
        Temple |    256 |    239 |     17 |      0 |    213 |   1 |  256.0 |
               +--------+--------+--------+--------+--------+-----+--------+

Top non-repeatable levels by time:
     D:5: 1749 daAuts
     D:3: 1228 daAuts
     D:2: 1091 daAuts
     D:1: 924 daAuts
     D:4: 831 daAuts
     D:6: 784 daAuts
  Temple: 256 daAuts
